 Dungeon Crawl Stone Soup version 0.28-a0-661-g144af121cd (webtiles) character file.

Game seed: 9487251617533298762

3640 Ijustatesigmund the Ducker (level 10, -3/172 HPs)
             Began as a Gnoll Wanderer on Oct 14, 2021.
             Killed from afar by a gargoyle (10 damage)
             ... with a stone arrow
             ... on level 7 of the Dungeon.
             The game lasted 00:14:56 (10097 turns).

Ijustatesigmund the Ducker (Gnoll Wanderer)        Turns: 10097, Time: 00:14:57

Health: -3/172     AC: 25    Str: 12 (14) XL:     10   Next: 12%
Magic:  17/17      EV:  2    Int:  9 (11) God:
Gold:   303        SH:  0    Dex: 11 (13) Spells: 19/19 levels left

rFire   . . .      SeeInvis .   a - +2 falchion (venom)
rCold   . . .      Faith    .   (no shield)
rNeg    . . .      Spirit   .   (armour currently unavailable)
rPois   +          Reflect  .   (helmet currently unavailable)
rElec   .          Harm     .   (cloak currently unavailable)
rCorr   .          Rampage  .   (gloves currently unavailable)
Will    .....      NoTele   +   (boots currently unavailable)
Stlth   ..........              f - amulet of the acrobat
HPRegen 0.38/turn               (no ring)
MPRegen 0.15/turn               (no ring)

@: brilliant, berserking, tree-form, very quick
A: stationary, stasis, torment immunity, boosted hp, (fangs 1), strong nose,
distributed training
a: no special abilities


You were on level 7 of the Dungeon.
You were a tree.
You visited 2 branches of the dungeon, and saw 8 of its levels.

You collected 303 gold pieces.

Inventory:

Hand Weapons
 a - a +2 falchion of venom (weapon)
 d - a +4 mace
 o - the +4 mace of Xoegilon {vamp, Str+3}
   (You found it on level 5 of the Dungeon)

   It occasionally heals its wielder for a portion of the damage dealt when it
   wounds a living foe.
   Str:       It affects your strength (+3).
Armour
 b - a +0 chain mail (melded)
 l - a +0 helmet (melded)
 n - a +0 pair of boots (melded)
 p - a +0 cloak of preservation (melded)
Jewellery
 f - an amulet of the acrobat (around neck)
Wands
 i - a wand of acid (9)
 r - a wand of iceblast (2)
 s - a wand of paralysis (6)
Scrolls
 c - 2 scrolls of teleportation
 g - a scroll of fog
 u - 2 scrolls of acquirement {unknown}
Potions
 e - a potion of ambrosia
 h - 2 potions of cancellation
 k - 2 potions of lignification
 q - a potion of degeneration
 t - 2 potions of brilliance


   Skills:
 + Level 6.8 Fighting
 + Level 5.0 Short Blades
 + Level 6.8 Long Blades
 + Level 5.0 Axes
 + Level 5.0 Maces & Flails
 + Level 5.0 Polearms
 + Level 5.6 Staves
 + Level 5.0 Slings
 + Level 5.0 Bows
 + Level 5.0 Crossbows
 + Level 5.6 Throwing
 + Level 5.0 Armour
 + Level 6.8 Dodging
 + Level 5.5 Stealth
 + Level 5.6 Shields
 + Level 5.0 Unarmed Combat
 + Level 5.0 Spellcasting
 + Level 4.1 Conjurations
 + Level 4.1 Hexes
 + Level 4.1 Summonings
 + Level 4.1 Necromancy
 + Level 4.1 Translocations
 + Level 4.1 Transmutations
 + Level 4.1 Fire Magic
 + Level 4.1 Ice Magic
 + Level 4.1 Air Magic
 + Level 4.1 Earth Magic
 + Level 4.1 Poison Magic
 + Level 5.4 Invocations
 + Level 5.0 Evocations


You had 19 spell levels left.
You didn't know any spells.
Your spell library contained the following spells:

 Spells                   Type           Power      Damage    Failure   Level
 Corpse Rot               Necr/Air       N/A        N/A       7%          2
 Poisonous Vapours        Pois/Air       28%        N/A       7%          2


Dungeon Overview and Level Annotations

Branches:
Dungeon (7/15)             Temple (1/1) D:6

Altars:
Ashenzari
Dithmenos
Elyvilon
Fedhas
Gozag
Hepliaklqana
Nemelex Xobeh
Okawaru
Qazlal
Ru
Sif Muna
Trog
Uskayaw
Vehumet
Wu Jian
Yredelemnul
Zin
The Shining One


Innate Abilities, Weirdness & Mutations

You are a tree.
Your roots penetrate the ground, keeping you stationary.
You cannot be teleported.
You are immune to unholy pain and torment.
Your maximum health is greatly increased.
Your equipment is partially melded.
((You have very sharp teeth.))
Your uncanny sense of smell can sniff out nearby items.
Your experience applies equally to all skills.


Message History

It was a potion of ambrosia.
You are confused.
You feel invigorated. The gargoyle hits you with a +3 mace.
* * * LOW HITPOINT WARNING * * *
It was a potion of brilliance.
You feel clever all of a sudden. The gargoyle hits you with a +3 mace.
* * * LOW HITPOINT WARNING * * *
It was a potion of berserk rage.
A red film seems to cover your vision as you go berserk!
You feel yourself moving faster!
You feel mighty! The gargoyle hits you with a +3 mace!
* * * LOW HITPOINT WARNING * * *
You cannot move. (Use ctrl+direction or * direction to attack without moving.)
You cannot move. (Use ctrl+direction or * direction to attack without moving.)
You cannot move. (Use ctrl+direction or * direction to attack without moving.)
You cannot move. (Use ctrl+direction or * direction to attack without moving.)
You cannot move. (Use ctrl+direction or * direction to attack without moving.)
You slash the gargoyle!
The gargoyle is heavily damaged.
The gargoyle hits you but does no damage.
You closely miss the gargoyle.
The gargoyle is heavily damaged.
You feel less invigorated.
You feel less confused.
You hit the gargoyle but do no damage.
The gargoyle is heavily damaged.
The gargoyle hurls a stone arrow at you.
The stone arrow hits you.
* * * LOW HITPOINT WARNING * * *
You hit the gargoyle but do no damage.
The gargoyle is heavily damaged.
You barely miss the gargoyle.
The gargoyle is heavily damaged.
The gargoyle hits you but does no damage.
You hit the gargoyle but do no damage.
The gargoyle is heavily damaged.
The gargoyle hurls a stone arrow at you.
The stone arrow hits you!
You die...

## ...... # ∆##+.+## .....
# #+.....+###..# #
#.......#8#..# #
#+............# #
#....8........# #
+............# # .
∆#.......#8#..#
#########.###+..♣..'###..#
........#..# ##+.9##8#...#
#.##.##.##.###∆###[###.#.#
#.#.....##...#######...#.#
#)##.##..................#
#.##.##.##.###..#.#..#####
#.##.................#
#.....####.########.##
####.# #..........#


You could see a gargoyle.

Vanquished Creatures
  A wraith (D:7)
  Eustachio (D:5)
  6 yaks (D:6)
  An orc warrior (D:7)
  An ice beast (D:7)
  A black bear (D:4)
  3 ogres (D:5)
  A necrophage (D:6)
  A centaur (D:5)
  3 phantoms
  2 kobold brigands
  Blork the orc (D:6)
  A bullfrog (D:6)
  2 scorpions
  2 water moccasin skeletons (D:5)
  4 wights (D:7)
  2 hounds (D:5)
  2 bullfrog zombies (D:5)
  3 orc priests
  A gnoll shaman (D:5)
  Crazy Yiuf (D:5)
  A bullfrog skeleton (D:5)
  3 iguanas
  3 scorpion zombies (D:5)
  5 orc wizards
  A killer bee zombie (D:5)
  2 hound zombies
  A hound skeleton (D:5)
  A howler monkey zombie (D:7)
  5 gnolls (D:5)
  7 adders
  A white imp (D:7)
  3 ufetubi
  3 worms
  3 dart slugs
  22 orcs
  7 endoplasms
  3 giant cockroaches
  8 goblins
  6 hobgoblins
  4 jackals (D:3)
  32 kobolds
  2 ball pythons (D:1)
  7 bats
  A frilled lizard (D:3)
  3 rats
174 creatures vanquished.

Vanquished Creatures (others)
  A water moccasin zombie (D:6)
  62 plants (D:6)
63 creatures vanquished.

Grand Total: 237 creatures vanquished

Notes
Turn   | Place    | Note
-------+----------+-------------------------------------------
     0 | D:1      | Ijustatesigmund the Gnoll Wanderer began the quest for the
                  | Orb.
     0 | D:1      | Ijustatesigmund set off with the following items: a +2
                  | falchion, 2 scrolls of teleportation, a +0 robe
     0 | D:1      | Reached XP level 1. HP: 20/20 MP: 1/1
   168 | D:1      | Reached XP level 2. HP: 20/26 MP: 2/2
   635 | D:1      | Reached XP level 3. HP: 31/31 MP: 3/3
  1047 | D:2      | Reached skill level 1 in Invocations
  1434 | D:2      | Reached skill level 1 in Short Blades
  1434 | D:2      | Reached skill level 1 in Axes
  1434 | D:2      | Reached skill level 1 in Maces & Flails
  1434 | D:2      | Reached skill level 1 in Polearms
  1434 | D:2      | Reached skill level 1 in Slings
  1434 | D:2      | Reached skill level 1 in Bows
  1434 | D:2      | Reached skill level 1 in Crossbows
  1434 | D:2      | Reached skill level 1 in Armour
  1434 | D:2      | Reached skill level 1 in Unarmed Combat
  1434 | D:2      | Reached skill level 1 in Spellcasting
  1434 | D:2      | Reached skill level 1 in Evocations
  1489 | D:2      | Reached XP level 4. HP: 21/38 MP: 5/5
  2286 | D:2      | Reached skill level 1 in Conjurations
  2286 | D:2      | Reached skill level 1 in Hexes
  2286 | D:2      | Reached skill level 1 in Summonings
  2286 | D:2      | Reached skill level 1 in Necromancy
  2286 | D:2      | Reached skill level 1 in Translocations
  2286 | D:2      | Reached skill level 1 in Transmutations
  2286 | D:2      | Reached skill level 1 in Fire Magic
  2286 | D:2      | Reached skill level 1 in Ice Magic
  2286 | D:2      | Reached skill level 1 in Air Magic
  2286 | D:2      | Reached skill level 1 in Earth Magic
  2286 | D:2      | Reached skill level 1 in Poison Magic
  2294 | D:2      | Reached XP level 5. HP: 7/43 MP: 5/7
  3112 | D:3      | Found a faded altar of an unknown god.
  3148 | D:3      | Found a sparkling altar of Nemelex Xobeh.
  3396 | D:4      | Reached XP level 6. HP: 15/50 MP: 8/8
  3862 | D:4      | You fall into a shaft and drop 2 floors!
  3866 | D:6      | Noticed a yak
  3866 | D:6      | Noticed a yak
  3866 | D:6      | Noticed a yak
  3866 | D:6      | Noticed a yak
  3867 | D:6      | Noticed a yak
  3870 | D:6      | Reached skill level 5 in Fighting
  3870 | D:6      | Reached skill level 5 in Long Blades
  3870 | D:6      | Reached skill level 5 in Dodging
  3897 | D:6      | Killed a yak
  3898 | D:6      | Reached XP level 7. HP: 56/56 MP: 10/10
  3935 | D:6      | Noticed a yak
  3984 | D:5      | Entered Level 5 of the Dungeon
  5526 | D:4      | Found a shadowy altar of Dithmenos.
  5545 | D:5      | Identified the +4 mace of Xoegilon {vamp, Str+3}
  5550 | D:5      | Found a runed translucent door.
  5551 | D:5      | Noticed Crazy Yiuf
  5558 | D:5      | Killed Crazy Yiuf
  5758 | D:5      | Reached XP level 8. HP: 46/63 MP: 12/12
  6120 | D:5      | Identified the +0 robe "Lececup" {rF+}
  6822 | D:5      | Found a stormy altar of Qazlal.
  6880 | D:5      | Reached XP level 9. HP: 49/69 MP: 14/14
  7339 | D:5      | Found an iron altar of Okawaru.
  7431 | D:5      | Noticed Eustachio
  7448 | D:5      | Killed Eustachio
  7704 | D:6      | Noticed Blork the orc
  7720 | D:6      | Killed Blork the orc
  8012 | D:6      | Found a staircase to the Ecumenical Temple.
  8194 | D:6      | Reached skill level 5 in Staves
  8194 | D:6      | Reached skill level 5 in Throwing
  8194 | D:6      | Reached skill level 5 in Shields
  8199 | D:6      | Reached skill level 5 in Stealth
  8205 | D:6      | Reached skill level 5 in Invocations
  8691 | Temple   | Entered the Ecumenical Temple
  9360 | D:7      | Reached XP level 10. HP: 30/77 MP: 17/17
  9891 | D:7      | Found a broken altar of Ashenzari.
  9911 | D:7      | Reached skill level 5 in Short Blades
  9911 | D:7      | Reached skill level 5 in Axes
  9911 | D:7      | Reached skill level 5 in Maces & Flails
  9911 | D:7      | Reached skill level 5 in Polearms
  9911 | D:7      | Reached skill level 5 in Slings
  9911 | D:7      | Reached skill level 5 in Bows
  9911 | D:7      | Reached skill level 5 in Crossbows
  9911 | D:7      | Reached skill level 5 in Armour
  9911 | D:7      | Reached skill level 5 in Unarmed Combat
  9911 | D:7      | Reached skill level 5 in Spellcasting
  9911 | D:7      | Reached skill level 5 in Evocations
 10075 | D:7      | Noticed a gargoyle
 10088 | D:7      | HP: 4/115 [gargoyle/stone arrow (16)]
 10094 | D:7      | HP: 7/172 [gargoyle/stone arrow (6)]
 10097 | D:7      | Killed from afar by a gargoyle

Illustrated notes

Levels and vault maps discovered:
D:1:      psy_arrival_statuary, layout_basic
D:2:      layout_loops_cross
D:3:      layout_rooms, nicolae_overflow_hidden_temple,
          shapermc_ecumenical_altar_totnotflames, minmay_misc_feat_ornament,
          minmay_goblin_outpost
D:4:      layout_cave_pods, lemuel_tele_altar, minivault_1
D:5:      layout_loops_ring, nicolae_qazlal_general_emergency,
          mainiacjoe_overflow_24_doors, serial_undead, serial_undead_b,
          serial_undead_e, serial_undead_c, serial_undead_d, serial_undead_d,
          serial_undead_f, uniq_crazy_yiuf_cottage, uniq_eustachio
D:6:      kennysheep_kobold_camp, layout_rooms,
          minmay_temple_entry_proselytizer, nicolae_sextant,
          lightli_orcish_oven, uniq_blork_the_orc
D:7:      cheibrodos_statue_roulette, layout_loops_ring, evilmike_ruin_ashenzari
Temple:   dshaligram_water_room_temple

Skill      XL: |  1  2  3  4  5  6  7  8  9 10 |
---------------+-------------------------------+-----
Invocations    | 1 2 3 4 5 |  5.4
Short Blades   | 1 2 3 4 5 |  5.0
Axes           | 1 2 3 4 5 |  5.0
Maces & Flails | 1 2 3 4 5 |  5.0
Polearms       | 1 2 3 4 5 |  5.0
Slings         | 1 2 3 4 5 |  5.0
Bows           | 1 2 3 4 5 |  5.0
Crossbows      | 1 2 3 4 5 |  5.0
Armour         | 1 2 3 4 5 |  5.0
Unarmed Combat | 1 2 3 4 5 |  5.0
Spellcasting   | 1 2 3 4 5 |  5.0
Evocations     | 1 2 3 4 5 |  5.0
Conjurations   | 1 2 3 4 |  4.1
Hexes          | 1 2 3 4 |  4.1
Summonings     | 1 2 3 4 |  4.1
Necromancy     | 1 2 3 4 |  4.1
Translocations | 1 2 3 4 |  4.1
Transmutations | 1 2 3 4 |  4.1
Fire Magic     | 1 2 3 4 |  4.1
Ice Magic      | 1 2 3 4 |  4.1
Air Magic      | 1 2 3 4 |  4.1
Earth Magic    | 1 2 3 4 |  4.1
Poison Magic   | 1 2 3 4 |  4.1
Staves         | 3 4 5 |  5.6
Throwing       | 3 4 5 |  5.6
Shields        | 3 4 5 |  5.6
Stealth        | 3 4 5 |  5.5
Fighting       | 5 6 |  6.8
Long Blades    | 5 6 |  6.8
Dodging        | 5 6 |  6.8

Action                   |  1- 3 |  4- 6 |  7- 9 | 10-12 || total
-------------------------+-------+-------+-------+-------++-------
Melee: Falchion          |    69 |   107 |   393 |    53 ||   622
       Bite              |     3 |     7 |    36 |     3 ||    49
       Punch             |       |       |     9 |       ||     9
Throw: Throwing net      |       |     1 |     1 |       ||     2
Evoke: Wand              |       |       |    12 |     4 ||    16
  Use: Scroll            |     4 |     3 |     7 |     1 ||    15
       Potion            |       |       |       |     6 ||     6
 Stab: Sleeping          |     5 |       |       |       ||     5
       Held in net/web   |       |     1 |       |       ||     1
       Paralysed         |       |       |     5 |       ||     5
Armor: Robe              |    15 |     1 |       |       ||    16
       Chain mail        |       |    58 |   198 |    13 ||   269
       Skin              |       |       |       |     3 ||     3
Dodge: Dodged            |    52 |    58 |   191 |    17 ||   318

Table legend: (Time is in decaauts)
 A = Elapsed time spent in this place.
 B = Non-inter-level travel time spent in this place.
 C = Inter-level travel time spent in this place.
 D = Time resting spent in this place.
 E = Time spent auto-exploring this place.
 F = Levels seen in this place.
 G = Mean time per level.
                   A        B        C        D        E       F      G
               +--------+--------+--------+--------+--------+-----+--------+
         Total |  10117 |   9928 |    189 |   3345 |   5186 |   8 | 1264.6 |
       Dungeon |   9980 |   9814 |    166 |   3345 |   5082 |   7 | 1425.7 |
        Temple |    136 |    113 |     23 |      0 |    104 |   1 |  136.0 |
               +--------+--------+--------+--------+--------+-----+--------+

Top non-repeatable levels by time:
     D:5: 2808 daAuts
     D:2: 1692 daAuts
     D:4: 1672 daAuts
     D:6: 1419 daAuts
     D:1: 856 daAuts
     D:3: 825 daAuts
     D:7: 705 daAuts
  Temple: 136 daAuts
